 Dungeon Crawl Stone Soup version 0.22.1-1-ga44c0e56f4 (webtiles) character file.

5728 Freyura the Blocker (level 10, -24/82 HPs)
             Began as a Gnoll Fighter on Oct 18, 2018.
             Was a Follower of Ashenzari.
             Annihilated by an orc knight
             ... wielding a +0 war axe
              (31 damage)
             ... in a bailey.
             The game lasted 00:27:53 (7706 turns).

Freyura the Blocker (Gnoll Fighter)                 Turns: 7706, Time: 00:27:53

Health: -24/82     AC: 16    Str: 24    XL:     10   Next: 77%
Magic:  18/18      EV:  9    Int: 12    God:    Ashenzari [*.....]
Gold:   326        SH: 25    Dex: 18    Spells: 20/20 levels left

rFire    + . .     SeeInvis .   v - +0 morningstar
rCold    . . .     Gourm    .   H - +7 large shield of Grottiness {rF+ Int+2}
rNeg     . . .     Faith    .   A - +1 chain mail {rPois}
rPois    +         Spirit   .   (no helmet)
rElec    .         Reflect  .   q - +0 cloak
rCorr    .         Harm     .   (no gloves)
MR       .....                  k - +2 pair of boots
Stlth    ..........             (no amulet)
HPRegen  0.23/turn              (no ring)
MPRegen  0.16/turn              (no ring)

@: mighty
A: distributed training, fangs 1, strong nose
a: Curse Item, Scrying, Renounce Religion


You were in a bailey.
You worshipped Ashenzari.
Ashenzari was aware of your devotion.
You were not hungry.

You visited 2 branches of the dungeon, and saw 10 of its levels.
You also visited: Ossuary and Bailey.

You collected 592 gold pieces.
You spent 266 gold pieces at shops.

Inventory:

Hand Weapons
 a - a +1 flail
 v - a +0 morningstar (weapon)
 D - the +6 flail of Disembowelment {distort, -Tele rC++}
   (You found it on level 7 of the Dungeon)

   It warps and distorts space around it.
   Unwielding it can cause banishment or high damage.
   It greatly protects you from cold.
   It prevents most forms of teleportation.
 L - a +0 dire flail
Armour
 k - a +2 pair of boots (worn)
 q - a +0 cloak (worn)
 A - a +1 chain mail of poison resistance (worn)
 H - the +7 large shield of Grottiness (worn) {rF+ Int+2}
   (You bought it in a shop on level 6 of the Dungeon)

   It affects your intelligence (+2).
   It protects you from fire.
Jewellery
 d - a +4 ring of dexterity
 h - an uncursed ring of fire
 o - an uncursed amulet of magic regeneration
 w - the ring of Ymus {Ice Int+4}
   (You took it off a crimson imp on level 5 of the Dungeon)

   [ring of ice]

   It enhances your ice magic.
   It affects your intelligence (+4).
   It makes you vulnerable to fire.
   It protects you from cold.
 K - an uncursed ring of protection from cold
 M - an uncursed ring of see invisible
 N - an uncursed ring of magical power
Wands
 b - a wand of iceblast (2)
 c - a wand of paralysis (14)
 p - a wand of flame (49)
 y - a wand of disintegration (15)
 C - a wand of digging (12)
 E - a wand of scattershot (5)
 G - a wand of acid (21)
 I - a wand of polymorph (29)
Scrolls
 e - 2 scrolls of silence
 g - 5 scrolls of identify
 r - 5 scrolls of teleportation
 s - 2 scrolls of amnesia
 t - 3 scrolls of enchant weapon
 u - a scroll of fear
 J - 2 scrolls of magic mapping
Potions
 i - 2 potions of invisibility
 j - 2 potions of lignification {unknown}
 l - a potion of berserk rage
 m - a potion of agility {unknown}
 n - 2 potions of curing
 x - 4 potions of heal wounds {unknown}
 z - 5 potions of ambrosia {unknown}
 B - 2 potions of flight
 F - 2 potions of might
 O - a potion of brilliance {unknown}
Comestibles
 f - 13 rations


   Skills:
 + Level 8.6 Fighting
 + Level 5.5 Short Blades
 + Level 5.5 Long Blades
 + Level 5.5 Axes
 + Level 7.2 Maces & Flails
 + Level 5.5 Polearms
 + Level 5.5 Staves
 + Level 5.5 Slings
 + Level 5.5 Bows
 + Level 5.5 Crossbows
 + Level 5.5 Throwing
 + Level 8.6 Armour
 + Level 5.5 Dodging
 + Level 5.5 Stealth
 + Level 8.6 Shields
 + Level 5.5 Unarmed Combat
 + Level 5.5 Spellcasting
 + Level 4.5 Conjurations
 + Level 4.5 Hexes
 + Level 4.5 Charms
 + Level 4.5 Summonings
 + Level 4.5 Necromancy
 + Level 4.5 Translocations
 + Level 4.5 Transmutations
 + Level 4.5 Fire Magic
 + Level 4.5 Ice Magic
 + Level 4.5 Air Magic
 + Level 4.5 Earth Magic
 + Level 4.5 Poison Magic
 + Level 6.0 Invocations
 + Level 5.5 Evocations


You had 20 spell levels left.
You didn't know any spells.
Your spell library was empty.

Dungeon Overview and Level Annotations

Branches:
Dungeon (9/15)             Temple (1/1) D:6             Orc (0/2) D:9
   Lair: D:8-11

Altars:
Ashenzari
Cheibriados
Elyvilon
Fedhas
Gozag
Hepliaklqana
Kikubaaqudgha
Makhleb
Nemelex Xobeh
Okawaru
Qazlal
Ru
Sif Muna
Trog
Uskayaw
Vehumet
Wu Jian
Xom
Yredelemnul
Zin
The Shining One

Shops:
D:4 (   D:5 !   D:6 *   D:7 [

Annotations:
D:4 exclusion: statue


Innate Abilities, Weirdness & Mutations

Your experience applies equally to all skills.
You have very sharp teeth.
Your uncanny sense of smell can sniff out nearby items.


Message History

You block the orc warlord's attack. You block the hobgoblin's attack.
The orc knight hits you with a war axe!
You closely miss the orc warlord.
The orc warlord is moderately wounded.
The orc warrior no longer looks unusually strong.
The orc warlord roars a battlecry!
The orc warrior goes into a battle-frenzy!
You block the hobgoblin's attack.
You hit the orc warlord.
The orc warlord is moderately wounded.
The orc warrior no longer looks unusually strong.
The orc knight hits you with a war axe!!
* * * LOW HITPOINT WARNING * * *
You block the orc warlord's attack. You block the hobgoblin's attack.
You spit the orc warlord like a pig!!!
The orc warlord is severely wounded.
The orc warrior no longer looks unusually strong. x2
The orc no longer looks unusually strong.
The orc knight hits you with a war axe!!
You die...

#.........# ##.........##
#######.....⌠.....#######
##.....##)........##.....##
#.......')........')......#
##.......##.......##)......##
#.........#.......#.........#
##.........##88.88##.........##
#.....⌠.....###@###.....⌠.....#
##.........###oog###.........##
#.........#oogogo.#.........#
##.......##.oogoo.##.......##
#.......#.........#.......#
##.....##.........##.....##
##)####...........####'##
##).)..##.........##..)))##
#.......# #.......#


You could see an orc warlord, an orc knight, 5 orc warriors, 2 gnolls, 3 orcs
and 2 hobgoblins.

Vanquished Creatures
  A two-headed ogre (D:8)
  Grinder (D:3)
  2 hippogriffs
  Sigmund (D:5)
  A wraith (Ossuary)
  A warg (D:9)
  A water moccasin (D:5)
  7 orc warriors
  A sky beast (D:9)
  An ice beast (D:8)
  5 ogres
  A phantom (D:8)
  A centaur (D:6)
  5 big kobolds
  4 bullfrogs
  A wyvern zombie (D:8)
  4 scorpions
  A killer bee (D:9)
  3 howler monkeys
  6 crimson imps
  A bullfrog zombie (D:8)
  3 hounds
  3 orc priests
  Crazy Yiuf (D:3)
  2 centaur skeletons
  7 orc wizards
  A bullfrog skeleton (D:9)
  6 iguanas
  Ijyb (D:5)
  Natasha (thrice) (D:3)
  A worker ant (D:8)
  A killer bee zombie (D:7)
  3 hound skeletons
  A mummy (Ossuary)
  A worker ant zombie (D:5)
  11 adders
  14 gnolls
  An ooze (D:1)
  2 adder skeletons (D:6)
  5 worms
  A dart slug (D:1)
  9 leopard geckos
  64 orcs
  A giant cockroach (D:3)
  16 hobgoblins
  15 jackals
  3 quokkas
  A ball python (D:3)
  9 bats
  4 frilled lizards
  10 gnoll skeletons (Ossuary)
  25 goblins
  18 kobolds
  4 kobold skeletons (Ossuary)
  A leopard gecko skeleton (D:4)
  11 orc skeletons (Ossuary)
  9 rats
317 creatures vanquished.

Notes
Turn   | Place    | Note
-------+----------+-------------------------------------------
     0 | D:1      | Freyura the Gnoll Fighter began the quest for the Orb.
     0 | D:1      | Reached XP level 1. HP: 23/23 MP: 1/1
   152 | D:1      | Reached XP level 2. HP: 29/29 MP: 2/2
   713 | D:2      | Reached XP level 3. HP: 30/35 MP: 3/3
   792 | D:2      | Found a blossoming altar of Fedhas.
   979 | D:2      | Reached skill level 1 in Invocations
  1020 | D:2      | Found a snail-covered altar of Cheibriados.
  1022 | D:2      | Reached skill level 1 in Short Blades
  1022 | D:2      | Reached skill level 1 in Long Blades
  1022 | D:2      | Reached skill level 1 in Axes
  1022 | D:2      | Reached skill level 1 in Polearms
  1022 | D:2      | Reached skill level 1 in Staves
  1022 | D:2      | Reached skill level 1 in Slings
  1022 | D:2      | Reached skill level 1 in Bows
  1022 | D:2      | Reached skill level 1 in Crossbows
  1022 | D:2      | Reached skill level 1 in Throwing
  1022 | D:2      | Reached skill level 1 in Dodging
  1022 | D:2      | Reached skill level 1 in Stealth
  1022 | D:2      | Reached skill level 1 in Unarmed Combat
  1022 | D:2      | Reached skill level 1 in Spellcasting
  1022 | D:2      | Reached skill level 1 in Evocations
  1022 | D:2      | Reached XP level 4. HP: 41/41 MP: 5/5
  1459 | D:3      | Noticed Natasha
  1466 | D:3      | Killed Natasha
  1466 | D:3      | Reached skill level 1 in Conjurations
  1466 | D:3      | Reached skill level 1 in Hexes
  1466 | D:3      | Reached skill level 1 in Charms
  1466 | D:3      | Reached skill level 1 in Summonings
  1466 | D:3      | Reached skill level 1 in Necromancy
  1466 | D:3      | Reached skill level 1 in Translocations
  1466 | D:3      | Reached skill level 1 in Transmutations
  1466 | D:3      | Reached skill level 1 in Fire Magic
  1466 | D:3      | Reached skill level 1 in Ice Magic
  1466 | D:3      | Reached skill level 1 in Air Magic
  1466 | D:3      | Reached skill level 1 in Earth Magic
  1466 | D:3      | Reached skill level 1 in Poison Magic
  1515 | D:3      | Noticed Grinder
  1522 | D:3      | Reached XP level 5. HP: 35/47 MP: 6/6
  1546 | D:3      | Killed Grinder
  1546 | D:3      | Reached skill level 5 in Maces & Flails
  1546 | D:3      | Reached XP level 6. HP: 5/53 MP: 6/8
  1569 | D:3      | Noticed Natasha
  1574 | D:3      | Killed Natasha
  1952 | D:3      | Found a bloodstained altar of Trog.
  2083 | D:3      | Found a runed door.
  2190 | D:3      | Reached XP level 7. HP: 45/59 MP: 10/10
  2193 | D:3      | Noticed Natasha
  2203 | D:3      | Killed Natasha
  2312 | D:3      | Noticed Crazy Yiuf
  2317 | D:3      | Killed Crazy Yiuf
  2478 | D:4      | Found a sand-covered staircase.
  2487 | Ossuary  | Entered an ossuary
  2487 | Ossuary  | Noticed a wraith
  2487 | Ossuary  | Noticed a wraith
  2487 | Ossuary  | Noticed a wraith
  2537 | Ossuary  | Noticed a wraith
  2572 | Ossuary  | Killed a wraith
  2764 | D:4      | Found Qaps's Antique Weapon Boutique.
  2773 | D:4      | Reached XP level 8. HP: 67/67 MP: 12/12
  3215 | D:4      | Found a radiant altar of Vehumet.
  3444 | D:5      | Entered Level 5 of the Dungeon
  3556 | D:5      | Found Efucaen's Distillery.
  3627 | D:5      | Got a steaming iron ring
  3628 | D:5      | Identified the ring of Ymus {Ice Int+4} (You took it off a
                  | crimson imp on level 5 of the Dungeon)
  3734 | D:5      | Found a shattered altar of Ashenzari.
  3766 | D:5      | Became a worshipper of Ashenzari the Shackled
  4041 | D:5      | Noticed Ijyb
  4047 | D:5      | Killed Ijyb
  4083 | D:5      | Noticed Sigmund
  4099 | D:5      | Killed Sigmund
  4099 | D:5      | Reached XP level 9. HP: 36/72 MP: 14/14
  4523 | D:6      | Found a staircase to the Ecumenical Temple.
  4531 | Temple   | Entered the Ecumenical Temple
  4803 | D:6      | Found Killiug's Assorted Antiques.
  4808 | D:6      | Bought a jewelled large shield for 266 gold pieces
  4972 | D:6      | Reached * piety under Ashenzari
  5200 | D:6      | Identified the +7 large shield of Grottiness {rF+ Int+2}
                  | (You bought it in a shop on level 6 of the Dungeon)
  5744 | D:7      | Found a hide-covered altar of Uskayaw.
  5829 | D:7      | Reached skill level 5 in Invocations
  5858 | D:7      | Got the flail of Disembowelment {distort, -Tele rC++}
  5867 | D:7      | Found Gecamame's Antique Armour Emporium.
  6054 | D:8      | Reached XP level 10. HP: 65/80 MP: 17/17
  6181 | D:8      | Found a hide-covered altar of Uskayaw.
  6714 | D:8      | Noticed a two-headed ogre
  6724 | D:8      | Killed a two-headed ogre
  6724 | D:8      | Reached skill level 5 in Short Blades
  6724 | D:8      | Reached skill level 5 in Long Blades
  6724 | D:8      | Reached skill level 5 in Axes
  6724 | D:8      | Reached skill level 5 in Polearms
  6724 | D:8      | Reached skill level 5 in Staves
  6724 | D:8      | Reached skill level 5 in Slings
  6724 | D:8      | Reached skill level 5 in Bows
  6724 | D:8      | Reached skill level 5 in Crossbows
  6724 | D:8      | Reached skill level 5 in Throwing
  6724 | D:8      | Reached skill level 5 in Dodging
  6724 | D:8      | Reached skill level 5 in Stealth
  6724 | D:8      | Reached skill level 5 in Unarmed Combat
  6724 | D:8      | Reached skill level 5 in Spellcasting
  6724 | D:8      | Reached skill level 5 in Evocations
  6777 | D:8      | Found a burning altar of Makhleb.
  7014 | D:9      | Found a staircase to the Orcish Mines.
  7199 | D:9      | Found a stormy altar of Qazlal.
  7226 | D:9      | Found a white marble altar of Elyvilon.
  7364 | D:9      | Found a flagged portal.
  7377 | Bailey   | Entered a bailey
  7689 | Bailey   | Noticed an orc warlord
  7691 | Bailey   | Noticed an orc knight
  7706 | Bailey   | Annihilated by an orc knight

Skill      XL: |  1  2  3  4  5  6  7  8  9 10 |
---------------+-------------------------------+-----
Invocations    | 1 2 3 4 5 6 |  6.0
Short Blades   | 1 2 3 4 5 |  5.5
Long Blades    | 1 2 3 4 5 |  5.5
Axes           | 1 2 3 4 5 |  5.5
Polearms       | 1 2 3 4 5 |  5.5
Staves         | 1 2 3 4 5 |  5.5
Slings         | 1 2 3 4 5 |  5.5
Bows           | 1 2 3 4 5 |  5.5
Crossbows      | 1 2 3 4 5 |  5.5
Throwing       | 1 2 3 4 5 |  5.5
Dodging        | 1 2 3 4 5 |  5.5
Stealth        | 1 2 3 4 5 |  5.5
Unarmed Combat | 1 2 3 4 5 |  5.5
Spellcasting   | 1 2 3 4 5 |  5.5
Evocations     | 1 2 3 4 5 |  5.5
Conjurations   | 1 2 3 4 |  4.5
Hexes          | 1 2 3 4 |  4.5
Charms         | 1 2 3 4 |  4.5
Summonings     | 1 2 3 4 |  4.5
Necromancy     | 1 2 3 4 |  4.5
Translocations | 1 2 3 4 |  4.5
Transmutations | 1 2 3 4 |  4.5
Fire Magic     | 1 2 3 4 |  4.5
Ice Magic      | 1 2 3 4 |  4.5
Air Magic      | 1 2 3 4 |  4.5
Earth Magic    | 1 2 3 4 |  4.5
Poison Magic   | 1 2 3 4 |  4.5
Maces & Flails | 5 6 7 |  7.2
Fighting       | 7 8 |  8.6
Armour         | 7 8 |  8.6
Shields        | 7 8 |  8.6

Action                   |  1- 3 |  4- 6 |  7- 9 | 10-12 || total
-------------------------+-------+-------+-------+-------++-------
Melee: Flail             |    79 |   163 |   547 |   109 ||   898
       Bite              |     5 |    18 |    81 |    52 ||   156
       Morningstar       |       |       |       |   287 ||   287
  Use: Scroll            |     5 |     4 |     9 |       ||    18
       Potion            |       |     1 |     3 |     3 ||     7
  Eat: Ration            |       |     2 |     4 |     2 ||     8
       Chunk             |       |     1 |       |       ||     1
Armor: Scale mail        |    19 |    77 |   117 |       ||   213
       Chain mail        |       |       |    78 |   147 ||   225
Dodge: Dodged            |    30 |    57 |   141 |    71 ||   299
Block: Shield            |    35 |   104 |   254 |       ||   393
       Large shield      |       |       |   144 |   646 ||   790
